 Dungeon Sprint DCSS version 0.30-a0-953-g5f1da4a474 (webtiles) character file.

Game seed: 7759433921414692656

135 dialectric the Trooper (level 4, -1/41 HPs)
             Began as a Demonspawn Berserker on Mar 28, 2023.
             Was a Follower of Trog.
             Slain by a neqoxec (10 damage)
             ... in the Dungeon (Sprint II: "The Violet Keep of Menkaure").
             The game lasted 00:00:26 (25 turns).

dialectric the Trooper (Demonspawn Berserker)         Turns: 25, Time: 00:00:26

Health: -1/41      AC:  2    Str: 17    XL:     4   Next: 96%
Magic:  4/4        EV: 12    Int:  5    God:    Trog [*.....]
Gold:   0          SH:  0    Dex: 12    Spells: 3/3 levels left

rFire   . . .      SeeInvis .    a - +0 falchion
rCold   . . .      Faith    .    (no shield)
rNeg    . . .      Spirit   .    b - +0 animal skin
rPois   .          Reflect  .    (no helmet)
rElec   .          Rampage  .    (no cloak)
rCorr   .          NoTele   +    (no gloves)
Will    .....      Rage     3%   (no boots)
Stlth   +                        (no amulet)
HPRegen 0.26/turn                (no ring)
MPRegen 0.09/turn                (no ring)

@: on berserk cooldown, slowed, very slow
A: foul stench 1, berserk 1, clumsy 1, dopey 2
a: Renounce Religion, Berserk


You were in the Dungeon.
You worshipped Trog.
Trog was aware of your devotion.
You visited 1 branch

Inventory:

Hand Weapons
 a - a +0 falchion (weapon)
Armour
 b - a +0 animal skin (worn)
Scrolls
 h - a scroll of blinking
Potions
 c - a potion of curing
 e - a potion of haste
 f - 2 potions of magic
 g - a potion of berserk rage


   Skills:
 + Level 6.9 Fighting
 * Level 6.3 Long Blades
 + Level 3.2 Armour
 + Level 3.2 Dodging


You had 3 spell levels left.
You didn't know any spells.
Your spell library was empty.

Dungeon Overview and Level Annotations

Branches:
Dungeon (1/1)

Altars:


Innate Abilities, Weirdness & Mutations

You may rarely emit foul miasma when damaged in melee.
You sometimes lose your temper in combat.
You are clumsy. (Dex -2)
You are very dopey. (Int -4)


Message History

You feel much better. The neqoxec barely misses you.
You hit the neqoxec.
The neqoxec is almost dead.
The neqoxec hits you but does no damage.
The neqoxec gestures at you.
Strange energies course through your body.
You feel stupid.
You hit the neqoxec.
The neqoxec is almost dead.
The neqoxec barely misses you.
You hit the neqoxec but do no damage.
The neqoxec is almost dead.
The neqoxec hits you.
You miss the neqoxec.
The neqoxec is almost dead.
The neqoxec hits you! The neqoxec gestures at you.
Something tries to feed on your intellect!
The neqoxec hits you!
You hit the neqoxec.
The neqoxec is almost dead.
The neqoxec hits you.
* * * LOW HITPOINT WARNING * * *
You barely miss the neqoxec.
The neqoxec is almost dead.
The neqoxec closely misses you. The neqoxec gestures at you.
Strange energies course through your body.
You feel clumsy.
You hit the neqoxec but do no damage.
The neqoxec is almost dead.
The neqoxec hits you.
* * * LOW HITPOINT WARNING * * *
Unknown command.
Okay, then.
You slash the neqoxec!
You kill the neqoxec!
Trog accepts your kill. The neqoxec hits you!
You die...

# #. #+#
#..##.##
#33@<.+
#.##.##
#. #+# #


You could see 2 neqoxecs.

Vanquished Creatures
  2 neqoxecs (D)
2 creatures vanquished.

Notes
Turn   | Place    | Note
-------+----------+-------------------------------------------
     0 | D        | dialectric the Demonspawn Berserker began the quest for the
                  | Orb.
     0 | D        | Reached XP level 1. HP: 18/18 MP: 1/1
     1 | D        | Noticed a neqoxec
     1 | D        | Noticed a neqoxec
     1 | D        | Noticed a neqoxec
     1 | D        | Noticed a neqoxec
     1 | D        | Gained mutation: You are dopey. (Int -2) [a neqoxec]
    12 | D        | Killed a neqoxec
    13 | D        | Gained mutation: You may rarely emit foul miasma when
                  | damaged in melee. [demonic ancestry]
    13 | D        | Reached XP level 2. HP: 29/29 MP: 2/2
    13 | D        | Reached XP level 3. HP: 35/35 MP: 3/3
    13 | D        | Reached XP level 4. HP: 41/41 MP: 4/4
    13 | D        | Gained mutation: You sometimes lose your temper in combat.
                  | [a neqoxec]
    18 | D        | Gained mutation: You are very dopey. (Int -4) [a neqoxec]
    23 | D        | Gained mutation: You are clumsy. (Dex -2) [a neqoxec]
    25 | D        | Killed a neqoxec
    25 | D        | Slain by a neqoxec

Illustrated notes

Levels and vault maps discovered:
D:        the_violet_keep_of_menkaure [sprint2_stairs_cluster_1,
          sprint2_shoproom, sprint2_temple, sprint2_basic_supplies,
          sprint2_obstacle_4, sprint2_obstacle_6, sprint2_obstacle_2,
          sprint2_obstacle_1, sprint2_obstacle_3, sprint2_timed_cluster_1,
          sprint2_smallroom_cluster_1, sprint2_smallroom_final_cluster_1,
          sprint2_transparent_cluster_1, sprint2_second_timed_cluster_1,
          sprint2_sniper_area_1, sprint2_heavy_combat_area_1,
          sprint2_mutation_trap_area_1, sprint2_forest_area_1,
          sprint2_light_combat_area_1, sprint2_behind_water_1,
          sprint2_near_end_vault_1]

Skill      XL: |  1 |
---------------+----+-----
Fighting       | 6 |  6.9
Long Blades    | 6 |  6.3
Armour         | 3 |  3.2
Dodging        | 3 |  3.2

Action                     |  1- 3 |  4- 6 || total
---------------------------+-------+-------++-------
  Melee: Falchion          |    10 |    12 ||    22
 Invoke: Berserk           |     1 |       ||     1
    Use: Potion            |       |     1 ||     1
 Armour: Animal skin       |       |     1 ||     1
  Dodge: Dodged            |     5 |     3 ||     8

Table legend: (Time is in decaauts)
 A = Elapsed time spent in this place.
 B = Non-inter-level travel time spent in this place.
 C = Inter-level travel time spent in this place.
 D = Time resting spent in this place.
 E = Time spent auto-exploring this place.
 F = Levels seen in this place.
 G = Mean time per level.
                   A        B        C        D        E       F      G
               +--------+--------+--------+--------+--------+-----+--------+
         Total |     25 |     25 |      0 |      0 |      0 |   1 |   25.0 |
       Dungeon |     25 |     25 |      0 |      0 |      0 |   1 |   25.0 |
               +--------+--------+--------+--------+--------+-----+--------+

Top non-repeatable levels by time:
       D: 25 daAuts
